 Seeded DCSS version 0.29-a0-802-g34511f41fd (webtiles) character file.

Game seed: 10544635392506318186 (custom seed)

12055 wilfster70 the Severer (level 11, -7/82 HPs)
             Began as a Hill Orc Fighter on July 3, 2022.
             Was a Priest of Beogh.
             Mangled by a cyan very ugly thing (22 damage)
             ... on level 1 of the Abyss.
             The game lasted 00:18:23 (10072 turns).

wilfster70 the Severer (Hill Orc Fighter)          Turns: 10072, Time: 00:18:24

Health: -7/82      AC: 20    Str: 24    XL:     11   Next: 87%
Magic:  21/21      EV: 13    Int:  8    God:    Beogh [***...]
Gold:   1077       SH:  9    Dex: 10    Spells: 10/10 levels left

rFire   . . .      SeeInvis +   a - +3 broad axe (vorpal)
rCold   . . .      Faith    .   c - +0 buckler
rNeg    . . .      Spirit   .   t - +4 scale mail "Lucamun" {Drain Regen+ Slay+5 SInv}
rPois   .          Reflect  +   (no helmet)
rElec   .          Harm     .   A - +0 cloak {Will+}
rCorr   .          Rampage  .   M - +0 pair of gloves
Will    +....                   H - +1 pair of boots
Stlth   ..........              f - amulet of reflection
HPRegen 1.03/turn               m - +4 ring of protection
MPRegen 0.17/turn               x - +4 ring of evasion

@: no status effects
A: no striking features
a: Renounce Religion, Smiting


You were on level 1 of the Abyss.
You worshipped Beogh.
Beogh was most pleased with you.
You visited 2 branches of the dungeon, and saw 12 of its levels.
You visited the Abyss 1 time.
You also visited: Sewer and Bailey.

You collected 1265 gold pieces.
You spent 188 gold pieces at shops.

Inventory:

Hand Weapons
 a - a +3 vorpal broad axe (weapon)
 b - a +0 morningstar
 z - a +5 sling
Armour
 c - a +0 buckler (worn)
 t - the +4 scale mail "Lucamun" (worn) {Drain Regen+ Slay+5 SInv}
   (You found it on level 3 of the Dungeon)

   Slay:      It affects your accuracy & damage with ranged weapons and melee
   (+5).
   SInv:      It lets you see invisible.
   Regen:     It increases your rate of health regeneration.
   Drain:     It drains your maximum health when unequipped.
 A - a +0 cloak of willpower (worn)
 H - a +1 pair of boots (worn)
 M - a +0 pair of gloves (worn)
Jewellery
 f - an amulet of reflection (around neck)
 m - a +4 ring of protection (left hand)
 n - an amulet of guardian spirit
 x - a +4 ring of evasion (right hand)
 y - the amulet "Ununlaus" {Faith *Corrode +Blink Str+7}
   (You found it on level 4 of the Dungeon)

   [amulet of faith]

   It allows you to gain divine favour quickly.
   Str:       It affects your strength (+7).
   +Blink:    It lets you blink.
   *Corrode:  It may corrode you when you take damage.
 O - a ring of poison resistance
Wands
 q - a wand of charming (3)
 F - a wand of polymorph (10)
 J - a wand of mindburst (18)
Scrolls
 p - 2 scrolls of teleportation
 r - a scroll of identify
 s - 2 scrolls of poison
 u - 2 scrolls of fear
 B - 2 scrolls of fog {unknown}
 D - a scroll of silence {unknown}
 E - a scroll of summoning {unknown}
 G - a scroll of immolation {unknown}
 I - a scroll of enchant weapon {unknown}
 K - a scroll of amnesia {unknown}
 N - a scroll of blinking {unknown}
Potions
 d - a potion of might
 e - 2 potions of resistance
 g - a potion of magic
 h - 6 potions of flight
 i - 2 potions of cancellation
 j - 3 potions of heal wounds
 k - 4 potions of mutation
 l - 4 potions of brilliance
 o - 3 potions of ambrosia
 v - a potion of invisibility {unknown}
 w - 4 potions of haste
 C - 6 potions of curing
 L - a potion of degeneration {unknown}


   Skills:
 - Level 3.6 Fighting
 - Level 18.0 Axes
 + Level 5.7 Armour
 - Level 3.2 Shields
 + Level 14.5 Invocations


You had 10 spell levels left.
You didn't know any spells.
Your spell library contained the following spells:

 Spells                   Type           Power      Damage    Failure   Level
 Summon Small Mammal      Summ           0%         N/A       78%         1
 Call Canine Familiar     Summ           0%         N/A       98%         3
 Dazzling Flash           Conj/Hex       0%         N/A       98%         3
 Stone Arrow              Conj/Erth      0%         3d7       98%         3
 Summon Guardian Golem    Hex/Summ       0%         N/A       98%         3
 Fulminant Prism          Conj/Hex       0%         3d6       100%        4
 Hailstorm                Conj/Ice       0%         3d3       100%        4
 Iskenderun's Mystic Bla  Conj/Tloc      0%         2d3       100%        4
 Blade Hands              Tmut           0%         N/A       100%        5
 Irradiate                Conj/Tmut      0%         3d13      100%        5
 Dispersal                Tloc           0%         N/A       100%        6
 Starburst                Conj/Fire      0%         6d3       100%        6
 Dragon Form              Tmut           0%         N/A       100%        7
 Disjunction              Tloc           0%         N/A       100%        8


Dungeon Overview and Level Annotations

Branches:
Dungeon (11/15)            Temple (0/1) D:7            Lair (1/6) D:8
  Sewer (visited)          Bailey (visited)
    Orc: D:9-12

Altars:
Cheibriados
Dithmenos
Hepliaklqana
Uskayaw
Vehumet
Zin
The Shining One

Shops:
D:3 [[([?   D:5 !

Portals:
Trove: D:10 (give 8 scrolls of fear)

Annotations:
D:3 3 runed translucent doors, exclusion: statue, Azuvok's ghost, amateur OgAE
Lair:1 Sonja


Message History

You slash the cyan very ugly thing! You barely miss the chaos spawn.
The purple very ugly thing tail-slaps you!!
* * * LOW HITPOINT WARNING * * *
The chaos spawn barely misses you.
You feel much better.
The purple very ugly thing basks in the mutagenic energy from its kin and changes!
The chaos spawn hits you but does no damage.
You miss the chaos spawn.
The chaos spawn is heavily wounded.
You hit the cyan very ugly thing. x2
The cyan very ugly thing claws you but does no damage.
You slash the chaos spawn!
You kill the chaos spawn!
Beogh accepts your kill.
The chaos spawn degenerates into a cloud of primal chaos!
You slash the cyan very ugly thing! x2
You block the cyan very ugly thing's attack.
You slice the cyan very ugly thing!!
The cyan very ugly thing is severely wounded.
You hit the cyan very ugly thing.
You block the cyan very ugly thing's attack.
You slash the cyan very ugly thing!
The cyan very ugly thing is almost dead.
You closely miss the cyan very ugly thing.
The cyan very ugly thing closely misses you.
You closely miss the cyan very ugly thing.
The cyan very ugly thing is almost dead.
You closely miss the cyan very ugly thing.
The cyan very ugly thing tentacle-slaps you.
The cyan very ugly thing shocks you!!
* * * LOW HITPOINT WARNING * * *
The cyan very ugly thing claws you but does no damage.
You slash the cyan very ugly thing!
You kill the cyan very ugly thing!
Beogh accepts your kill.
You hit the cyan very ugly thing but do no damage.
The cyan very ugly thing claws you.
* * * LOW HITPOINT WARNING * * *
The cyan very ugly thing shocks you!!
You die...

.... .#. ...
#.... . .....#
##.... # ....##
........##.....#.
.#.......#......#
#...... #...#.#
#####..#......##
##..#..#......#
.......@†.....≈
.#.....#.#u..##..
#.#...#.......#
....#. .# .###≈≈.
.. #... ### .. #.
#..# . #.. #..


You could see a cyan very ugly thing.

Vanquished Creatures
  3 very ugly things (Abyss:1)
  A two-headed ogre (D:9)
  2 trolls (D:10)
  2 slime creatures (D:10)
  A hornet (D:9)
  Sigmund (D:4)
  A wyvern (D:9)
  12 yaks
  Eustachio (D:4)
  A steam dragon (D:6)
  A wraith (D:9)
  A vampire mosquito (D:10)
  A chaos spawn (Abyss:1)
  4 ice beasts
  6 orc warriors
  2 black bears (D:6)
  3 ogres
  3 centaurs
  2 phantoms
  Blork the orc (D:9)
  9 kobold brigands
  2 bullfrogs
  2 necrophages (D:6)
  A gnoll sergeant (D:9)
  3 scorpions
  9 wights
  21 killer bees
  6 hounds
  4 jellies
  2 orc priests
  Crazy Yiuf (D:4)
  2 iguanas (D:4)
  Natasha (thrice) (D:2)
  11 orc wizards
  9 gnolls
  2 river rats (Sewer)
  15 adders
  2 shadow imps
  2 worms (D:2)
  2 dart slugs
  28 orcs
  11 endoplasms
  4 giant cockroaches
  9 goblins
  6 hobgoblins
  4 jackals (Sewer)
  23 kobolds
  6 quokkas
  13 ball pythons
  3 bats
  3 frilled lizards
  6 rats
273 creatures vanquished.

Vanquished Creatures (collateral kills)
  A two-headed ogre (D:10)
  A wraith (D:11)
  A wyvern (D:9)
  2 yaks (D:10)
  A gnoll sergeant (D:10)
  A wight (D:10)
  3 killer bees (D:10)
  An orc wizard (D:10)
  A gnoll (D:10)
12 creatures vanquished.

Vanquished Creatures (others)
  An orc warrior (Bailey)
  An orc wizard (D:10)
  An orc (D:10)
  16 plants
19 creatures vanquished.

Grand Total: 304 creatures vanquished

Notes
Turn   | Place    | Note
-------+----------+-------------------------------------------
     0 | D:1      | wilfster70 the Hill Orc Fighter began the quest for the
                  | Orb.
     0 | D:1      | Reached XP level 1. HP: 19/19 MP: 1/1
    49 | D:1      | Reached skill level 3 in Axes
   154 | D:1      | Reached XP level 2. HP: 14/26 MP: 2/2
   321 | D:1      | Reached skill level 4 in Axes
   489 | D:1      | Reached XP level 3. HP: 26/31 MP: 3/3
   941 | D:2      | Reached skill level 5 in Axes
  1121 | D:2      | Found a glowing golden altar of the Shining One.
  1122 | D:2      | Noticed Natasha
  1132 | D:2      | Killed Natasha
  1133 | D:2      | Reached skill level 6 in Axes
  1133 | D:2      | Reached XP level 4. HP: 29/39 MP: 4/4
  1334 | D:2      | Reached XP level 5. HP: 15/45 MP: 5/5
  1338 | D:2      | Noticed Natasha
  1343 | D:2      | Killed Natasha
  1344 | D:2      | Reached skill level 7 in Axes
  1623 | D:2      | Noticed Natasha
  1636 | D:2      | Killed Natasha
  2195 | D:3      | Found Ceirgh's Magic Scroll Shop.
  2203 | D:3      | Bought a scroll of identify for 28 gold pieces
  2203 | D:3      | Bought a scroll of teleportation for 42 gold pieces
  2203 | D:3      | Bought a scroll of noise for 14 gold pieces
  2253 | D:3      | Found a runed translucent gate.
  2253 | D:3      | Found a runed translucent gate.
  2253 | D:3      | Found a runed translucent gate.
  2254 | D:3      | Noticed a kobold brigand
  2254 | D:3      | Noticed Azuvok's ghost (amateur OgAE)
  2326 | D:3      | Found Otiar's Armour Shoppe.
  2366 | D:3      | Identified the +4 scale mail "Lucamun" {Drain Regen+ Slay+5
                  | SInv}
  2477 | D:3      | Found Ynwoc's Weapon Boutique.
  2495 | D:3      | Reached skill level 8 in Axes
  2495 | D:3      | Reached XP level 6. HP: 48/51 MP: 6/6
  2543 | D:3      | Found Utunicu's Armour Shop.
  2560 | D:3      | Found a faded altar of an unknown god.
  2628 | D:3      | Found Peerash's Antique Armour Shoppe.
  2659 | D:3      | Found a radiant altar of Vehumet.
  2892 | D:3      | Found a glowing drain.
  2910 | Sewer    | Entered a sewer
  2993 | Sewer    | Reached skill level 9 in Axes
  3171 | Sewer    | Reached XP level 7. HP: 57/57 MP: 7/7
  3413 | Sewer    | Reached skill level 10 in Axes
  3548 | D:4      | Noticed Eustachio
  3581 | D:4      | Killed Eustachio
  3582 | D:4      | Reached skill level 11 in Axes
  3607 | D:4      | Identified the amulet "Ununlaus" {Faith *Corrode +Blink
                  | Str+7}
  3706 | D:4      | Found a runed translucent door.
  3709 | D:4      | Noticed Crazy Yiuf
  3715 | D:4      | Killed Crazy Yiuf
  3768 | D:4      | Reached XP level 8. HP: 64/64 MP: 8/8
  3938 | D:4      | Reached skill level 12 in Axes
  3981 | D:4      | Noticed Sigmund
  3988 | D:4      | Killed Sigmund
  4302 | D:5      | Entered Level 5 of the Dungeon
  4454 | D:5      | Reached skill level 13 in Axes
  4610 | D:5      | Found Kuakuh's Distillery.
  4624 | D:5      | Bought a potion of heal wounds for 65 gold pieces
  4624 | D:5      | Bought a potion of curing for 39 gold pieces
  5035 | D:5      | Reached skill level 14 in Axes
  5279 | D:5      | Became a worshipper of Beogh the Brigand
  5474 | D:6      | Reached skill level 1 in Invocations
  5476 | D:6      | Reached XP level 9. HP: 70/70 MP: 8/10
  5535 | D:6      | Reached skill level 5 in Invocations
  5545 | D:6      | Reached skill level 15 in Axes
  5557 | D:6      | Reached * piety under Beogh
  5647 | D:6      | Found a hide-covered altar of Uskayaw.
  6420 | D:7      | Reached XP level 10. HP: 60/77 MP: 15/15
  6465 | D:7      | Reached skill level 16 in Axes
  6618 | D:7      | Reached ** piety under Beogh
  6634 | D:7      | Found a staircase to the Ecumenical Temple.
  6646 | D:7      | Reached skill level 10 in Invocations
  7146 | D:7      | Identified a scroll of acquirement
  7146 | D:7      | Acquired a +3 vorpal broad axe
  7439 | D:8      | Found a snail-covered altar of Cheibriados.
  7546 | D:8      | Found a staircase to the Lair.
  7878 | D:9      | Noticed Blork the orc
  7883 | D:9      | Noticed a two-headed ogre
  7899 | D:9      | Killed a two-headed ogre
  7917 | D:9      | Killed Blork the orc
  7956 | D:9      | Found a glowing silver altar of Zin.
  7962 | D:9      | Found a hazy altar of Hepliaklqana.
  8103 | D:9      | Reached skill level 17 in Axes
  8145 | D:9      | Reached XP level 11. HP: 82/82 MP: 18/20
  8255 | D:9      | Found a flagged portal.
  8266 | Bailey   | Entered a bailey
  8288 | Bailey   | Reached *** piety under Beogh
  8629 | Bailey   | Noticed an orc knight
  8630 | Bailey   | Found an iron altar of Okawaru.
  8850 | D:9      | Found a shadowy altar of Dithmenos.
  8984 | D:9      | Got the Papyrus of Battle Magic
  9018 | D:10     | Entered Level 10 of the Dungeon
  9065 | D:10     | Noticed a two-headed ogre
  9094 | D:10     | Killed a two-headed ogre
  9222 | D:10     | Reached skill level 18 in Axes
  9643 | D:10     | Found a portal to a secret trove of treasure.
 10011 | Lair:1   | Entered Level 1 of the Lair of Beasts
 10011 | Lair:1   | Noticed Sonja
 10015 | Abyss:1  | Cast into level 1 of the Abyss (Sonja)
 10049 | Abyss:1  | Noticed a purple very ugly thing
 10051 | Abyss:1  | Noticed a purple very ugly thing
 10051 | Abyss:1  | Noticed a purple very ugly thing
 10052 | Abyss:1  | Noticed a purple very ugly thing
 10059 | Abyss:1  | Killed a green very ugly thing
 10060 | Abyss:1  | Reached skill level 5 in Armour
 10062 | Abyss:1  | Killed a purple very ugly thing
 10072 | Abyss:1  | Killed a cyan very ugly thing
 10072 | Abyss:1  | Mangled by a cyan very ugly thing

Illustrated notes

Levels and vault maps discovered:
D:1:      minmay_arrival_three_doors, layout_rooms
D:2:      layout_basic, basic_altar, nicolae_grassy_gnolls, uniq_natasha
D:3:      layout_basic, vehumet_statue, serial_shops, shop,
          nicolae_diamond_shop, shop, nicolae_shop_crystal, shop_fountains,
          hellmonk_ecumenical_altar_crossroads, portal_sewer_entry_b,
          gammafunk_ghost_nasty_kobolds
D:4:      layout_basic, st_stairs_13, uniq_eustachio, uniq_crazy_yiuf_cottage,
          uniq_sigmund
D:5:      layout_basic, serial_shops, shop
D:6:      layout_basic, lemuel_tele_altar
D:7:      layout_basic, minmay_temple_entry_junction_2
D:8:      layout_basic, mainiacjoe_overflow_small_starburst, lair_entry_dummy
D:9:      layout_rooms, mainiacjoe_overflow_alcove_1,
          mainiacjoe_overflow_catwalk_spiral, enter_bailey_3, sword_in_stone
D:10:     layout_basic, enter_trove_6, minmay_mirror_moons_of_madness
D:11:     dreamdust_labyrinth, layout_basic, gammafunk_ghost_wrathful_warriors
Lair:1:   layout_regular_city, uniq_sonja
Abyss:1:  base:
D:10

Skill      XL: |  1  2  3  4  5  6  7  8  9 10 11 |
---------------+----------------------------------+-----
Axes           | 3 4 6 8 9 11 14 15 17 18 | 18.0
Invocations    | 2 7 12 14 | 14.5
Armour         | 5 |  5.7
Fighting       | |  3.6
Shields        | |  3.2

Action                   |  1- 3 |  4- 6 |  7- 9 | 10-12 || total
-------------------------+-------+-------+-------+-------++-------
Melee: War axe           |    77 |   127 |   276 |    61 ||   541
       Broad axe         |       |       |       |   216 ||   216
Invok: Convert to Beogh  |       |       |     1 |       ||     1
  Use: Scroll            |     1 |       |     3 |     9 ||    13
       Potion            |       |       |       |     2 ||     2
Armor: Scale mail        |    29 |    45 |    73 |    95 ||   242
Dodge: Dodged            |    14 |    56 |    99 |   109 ||   278
Block: Buckler           |    31 |    67 |   108 |   134 ||   340
       Reflection        |       |     1 |       |    13 ||    14

Table legend: (Time is in decaauts)
 A = Elapsed time spent in this place.
 B = Non-inter-level travel time spent in this place.
 C = Inter-level travel time spent in this place.
 D = Time resting spent in this place.
 E = Time spent auto-exploring this place.
 F = Levels seen in this place.
 G = Mean time per level.
                   A        B        C        D        E       F      G
               +--------+--------+--------+--------+--------+-----+--------+
         Total |  10177 |   9846 |    331 |   1328 |   5701 |  15 |  678.5 |
       Dungeon |   8932 |   8602 |    330 |    901 |   5299 |  11 |  812.0 |
          Lair |      3 |      3 |      0 |      0 |      0 |   1 |    3.0 |
         Abyss |     52 |     52 |      0 |     27 |      0 |   1 |   52.0 |
         Sewer |    681 |    681 |      0 |      0 |    401 |   1 |  681.0 |
        Bailey |    509 |    509 |      0 |    400 |      0 |   1 |  509.0 |
               +--------+--------+--------+--------+--------+-----+--------+

Top non-repeatable levels by time:
     D:2: 1420 daAuts
     D:5: 1180 daAuts
    D:10: 889 daAuts
     D:6: 872 daAuts
     D:3: 826 daAuts
     D:1: 814 daAuts
     D:7: 772 daAuts
     D:4: 757 daAuts
     D:8: 739 daAuts
   Sewer: 681 daAuts
     D:9: 620 daAuts
  Bailey: 509 daAuts
 Abyss:1: 52 daAuts
    D:11: 39 daAuts
  Lair:1: 3 daAuts
